 Dungeon Crawl Stone Soup version 0.30-a0-578-gdee14c521f (webtiles) character file.

Game seed: 17763238302216899040

9366 jfcaron the Basher (level 11, -20/100 HPs)
             Began as a Minotaur Fighter on Jan 1, 2023.
             Was a High Priest of Sif Muna.
             Killed from afar by an ice statue (36 damage)
             ... with a shard of ice
             ... in an ice cave.
             The game lasted 00:27:14 (8444 turns).

jfcaron the Basher (Minotaur Fighter)               Turns: 8444, Time: 00:27:14

Health: -20/100    AC: 24    Str: 25    XL:     11   Next: 22%
Magic:  0/19       EV:  7    Int:  5    God:    Sif Muna [*****.]
Gold:   487        SH:  6    Dex: 10    Spells: 10/10 levels left

rFire   . . .      SeeInvis .    a - +1 flail (flame)
rCold   . . .      Faith    .    c - +0 buckler
rNeg    . . .      Spirit   +    B - +0 plate armour
rPois   .          Reflect  .    P - +2 hat
rElec   .          Harm     .    o - +2 cloak "Mosmihol" {MP+9}
rCorr   .          Rampage  .    i - +1 pair of gloves
Will    .....                    r - +0 pair of boots Stlth
                                 E - amulet of guardian spirit
HPRegen 0.36/turn                g - ring of wizardry
MPRegen 0.16/turn                (no ring)

@: no status effects
A: horns 2, retaliatory headbutt
a: Renounce Religion, Channel Magic, Forget Spell, Divine Exegesis


You were in an ice cave.
You worshipped Sif Muna.
Sif Muna was extremely pleased with you.
You visited 2 branches of the dungeon, and saw 10 of its levels.
You also visited: Sewer and Ice Cave.

You collected 487 gold pieces.

Inventory:

Hand Weapons
 a - a +1 flail of flaming (weapon)
 F - a +0 morningstar
Missiles
 y - 19 poisoned darts
 A - 42 stones
Armour
 c - a +0 buckler (worn)
 i - a +1 pair of gloves (worn)
 o - the +2 cloak "Mosmihol" (worn) {MP+9}
   (You acquired it on level 3 of the Dungeon)

   MP:        It affects your magic capacity (+9).
 r - a +0 pair of boots (worn)
 B - a +0 plate armour (worn)
 P - a +2 hat (worn)
Jewellery
 g - a ring of wizardry (left hand)
   (You found it on level 2 of the Dungeon)
 E - an amulet of guardian spirit (around neck)
   (You found it on level 5 of the Dungeon)
Wands
 f - a wand of quicksilver (16)
   (You found it on level 4 of the Dungeon)
 m - a wand of flame (15)
 z - a wand of paralysis (4)
 K - a wand of polymorph (7)
 Q - a wand of digging (3)
Scrolls
 j - a scroll of torment
 w - a scroll of vulnerability {unknown}
 x - a scroll of fog {unknown}
 D - a scroll of fear {unknown}
 G - 4 scrolls of teleportation
 I - a scroll of noise
 J - a scroll of enchant armour
 M - a scroll of enchant weapon
 N - a scroll of summoning {unknown}
 O - a scroll of brand weapon
Potions
 b - 5 potions of curing
 e - 3 potions of heal wounds
 h - a potion of mutation
 k - 4 potions of attraction
 l - 4 potions of haste
 p - 2 potions of berserk rage
 q - 2 potions of invisibility
 t - 2 potions of magic
 v - a potion of resistance {unknown}
 H - a potion of lignification {unknown}
 L - 3 potions of flight


   Skills:
 + Level 10.2 Fighting
 * Level 13.4 Maces & Flails
 + Level 10.2 Armour
 - Level 10.1 Shields


You had 10 spell levels left.
You didn't know any spells.
Your spell library contained the following spells:

 Spells                   Type           Power      Damage    Failure   Level
 Beastly Appendage        Tmut           0%         N/A       92%         1
 Shock                    Conj/Air       0%         1d3       92%         1
 Sting                    Tmut/Pois      0%         1d3       92%         1
 Ensorcelled Hibernation  Hex/Ice        0%         N/A       98%         2
 Passwall                 Tmut/Erth      0%         N/A       98%         2
 Poisonous Vapours        Pois/Air       0%         N/A       98%         2
 Sublimation of Blood     Necr           0%         N/A       98%         2
 Wereblood                Tmut           0%         N/A       98%         2
 Frozen Ramparts          Ice            0%         1d1       99%         3
 Spider Form              Tmut/Pois      0%         N/A       99%         3
 Swiftness                Air            0%         N/A       99%         3
 Airstrike                Air            0%         2d(0-16)  100%        4
 Ice Form                 Ice/Tmut       0%         N/A       100%        4
 Olgreb's Toxic Radiance  Pois           0%         N/A       100%        4
 Summon Ice Beast         Ice/Summ       0%         N/A       100%        4
 Borgnjor's Revivificati  Necr           0%         N/A       100%        8


Dungeon Overview and Level Annotations

Branches:
Dungeon (11/15)            Temple (1/1) D:5           Sewer (visited)
  IceCv (1/1)
   Lair: D:8-11         Orc: D:9-12

Altars:
Ashenzari
Cheibriados
Dithmenos
Elyvilon
Fedhas
Gozag
Hepliaklqana
Kikubaaqudgha
Makhleb
Nemelex Xobeh
Okawaru
Qazlal
Sif Muna
Trog
Uskayaw
Vehumet
Wu Jian
Xom
Yredelemnul
The Shining One

Annotations:
D:7 come back with rF+ IceCv exclusion: ice statue


Innate Abilities, Weirdness & Mutations

You have a pair of horns on your head.
You reflexively headbutt those who attack you in melee.


Message History

The ice statue gestures at you. The freezing blast engulfs you!
You are engulfed in freezing vapours.
The ice statue gestures at you. The shard of ice hits you!
The ice statue gestures at you.
The freezing blast engulfs you but does no damage.
You thump the ice statue!
You melt the ice statue.
The ice statue is moderately damaged.
You are engulfed in freezing vapours.
The ice statue gestures at you. The freezing blast engulfs you!
You hit the ice statue but do no damage.
You headbutt the ice statue, but do no damage.
The ice statue is moderately damaged.
You are engulfed in freezing vapours.
You hit the ice statue.
You melt the ice statue.
You headbutt the ice statue!
The ice statue is heavily damaged.
You are engulfed in freezing vapours.
You sock the ice statue!
You melt the ice statue.
The ice statue is heavily damaged.
You are engulfed in freezing vapours.
* * * LOW HITPOINT WARNING * * *
You sock the ice statue!
You melt the ice statue.
The ice statue is severely damaged.
You are engulfed in freezing vapours.
The ice statue gestures at you. The freezing blast misses you.
You hit the ice statue.
You melt the ice statue.
You headbutt the ice statue, but do no damage.
The ice statue is severely damaged.
You are engulfed in freezing vapours.
* * * LOW HITPOINT WARNING * * *
You hit the ice statue.
You melt the ice statue.
The ice statue is almost destroyed.
You are engulfed in freezing vapours.
* * * LOW HITPOINT WARNING * * *
The ice statue gestures at you. The shard of ice hits you!!!
You die...

###..#..##..##
##...###†#.## ##.##
#.#..# ### ##...#
##...## ##....# ###
#### #.....# #○##
###..####....###○8#
##.÷..##....###☼@.##
..÷.#.......##§§.☼°##
.÷.###......##☼○☼°§.#
..##
###...#.....##○.# ###
##........# #.#
#........## ..#
##.......# .#
##.....## # ##....#


You could see an ice statue.

Vanquished Creatures
  Gastronok (D:8)
  3 death yaks (IceCv)
  Pikel (D:4)
  A rime drake (IceCv)
  4 polar bears (IceCv)
  Prince Ribbit (D:5)
  Grinder (D:5)
  2 wyverns
  3 yaks (IceCv)
  A steam dragon (D:8)
  2 water moccasins
  Duvessa (D:7)
  2 sky beasts
  An orc warrior (D:7)
  3 ogres
  3 wolves (IceCv)
  4 centaurs
  A phantom (D:5)
  A kobold brigand (D:6)
  Blork the orc (D:6)
  A bullfrog (D:7)
  3 necrophages
  2 scorpions
  4 wights (D:7)
  Dowan (D:7)
  12 killer bees (D:7)
  2 howler monkeys
  4 hounds
  6 orc priests
  Crazy Yiuf (D:5)
  3 iguanas
  5 orc wizards
  Natasha (thrice) (D:4)
  2 troll simulacra (D:11)
  2 spriggan simulacra (D:11)
  6 gnolls
  12 adders
  2 naga simulacra (D:11)
  A river rat (D:3)
  A shadow imp (D:6)
  2 white imps
  2 worms
  2 dart slugs
  34 orcs
  11 ball pythons
  10 endoplasms
  4 giant cockroaches
  11 goblins
  5 hobgoblins
  3 jackals (D:1)
  5 quokkas
  10 bats
  6 frilled lizards
  20 kobolds
  10 rats
  2 plants (Sewer)
247 creatures vanquished.

Notes
Turn   | Place    | Note
-------+----------+-------------------------------------------
     0 | D:1      | jfcaron the Minotaur Fighter began the quest for the Orb.
     0 | D:1      | Reached XP level 1. HP: 19/19 MP: 0/0
   183 | D:1      | Reached XP level 2. HP: 27/27 MP: 1/1
   194 | D:1      | Reached skill level 3 in Maces & Flails
   352 | D:1      | Reached XP level 3. HP: 33/33 MP: 2/2
  1238 | D:2      | Reached XP level 4. HP: 39/40 MP: 3/3
  1263 | D:2      | Found a faded altar of an unknown god.
  1271 | D:2      | Prayed at the altar of an unknown god.
  1271 | D:2      | Became a worshipper of Sif Muna the Loreminder
  1271 | D:2      | Reached * piety under Sif Muna
  1568 | D:3      | Reached skill level 4 in Maces & Flails
  1612 | D:3      | Found an iron altar of Okawaru.
  1751 | D:3      | Found a glowing drain.
  1755 | Sewer    | Entered a sewer
  1819 | Sewer    | Reached ** piety under Sif Muna
  1945 | Sewer    | Reached XP level 5. HP: 34/47 MP: 4/4
  2189 | D:3      | Found a white marble altar of Elyvilon.
  2295 | D:3      | Identified a scroll of acquirement
  2295 | D:3      | Acquired the +2 cloak "Mosmihol" {MP+9}
  2950 | D:4      | Noticed an ogre
  2959 | D:4      | Killed an ogre
  2960 | D:4      | Reached skill level 5 in Maces & Flails
  3171 | D:4      | Reached skill level 5 in Fighting
  3171 | D:4      | Reached skill level 5 in Armour
  3171 | D:4      | Reached XP level 6. HP: 56/56 MP: 5/5
  3436 | D:4      | Noticed Pikel
  3454 | D:4      | HP: 11/56 [lemure[Pikel] (4)]
  3455 | D:4      | Killed Pikel
  3455 | D:4      | Reached *** piety under Sif Muna
  3456 | D:4      | Reached skill level 6 in Maces & Flails
  3456 | D:4      | Reached skill level 5 in Shields
  3456 | D:4      | Reached XP level 7. HP: 13/62 MP: 6/6
  3690 | D:4      | Reached skill level 7 in Maces & Flails
  3751 | D:4      | Noticed Natasha
  3759 | D:4      | Killed Natasha
  3784 | D:4      | Noticed Natasha
  3790 | D:4      | Killed Natasha
  3947 | D:4      | Noticed Natasha
  3951 | D:4      | Killed Natasha
  4007 | D:5      | Entered Level 5 of the Dungeon
  4034 | D:5      | Reached XP level 8. HP: 25/70 MP: 7/7
  4344 | D:5      | Reached skill level 8 in Maces & Flails
  4450 | D:5      | Noticed Prince Ribbit
  4468 | D:5      | Killed Prince Ribbit
  4607 | D:5      | Found a staircase to the Ecumenical Temple.
  4623 | Temple   | Entered the Ecumenical Temple
  4846 | D:5      | Noticed Grinder
  4854 | D:5      | Killed Grinder
  4855 | D:5      | Reached skill level 9 in Maces & Flails
  5074 | D:5      | Found a runed translucent door.
  5075 | D:5      | Noticed Crazy Yiuf
  5080 | D:5      | Killed Crazy Yiuf
  5127 | D:6      | Noticed Blork the orc
  5131 | D:6      | Killed Blork the orc
  5170 | D:6      | Reached XP level 9. HP: 76/78 MP: 8/8
  5369 | D:6      | Reached **** piety under Sif Muna
  6011 | D:7      | Noticed Dowan
  6020 | D:7      | Noticed Duvessa
  6028 | D:7      | Killed Duvessa
  6029 | D:7      | Reached skill level 10 in Maces & Flails
  6071 | D:7      | Killed Dowan
  6625 | D:7      | Reached skill level 11 in Maces & Flails
  6834 | D:7      | Reached XP level 10. HP: 81/90 MP: 9/9
  7042 | D:8      | Noticed Gastronok
  7429 | D:8      | Reached ***** piety under Sif Muna
  7429 | D:8      | Received a gift from Sif Muna
  7432 | D:8      | Killed Gastronok
  7433 | D:8      | Reached skill level 12 in Maces & Flails
  7440 | D:8      | Got Byatz's Secrets of Gloom {god gift}
  7670 | D:8      | You fall into a shaft and drop 3 floors!
  7677 | D:11     | Found a frozen archway.
  7710 | IceCv    | Entered an ice cave
  7935 | IceCv    | Noticed a death yak
  7954 | IceCv    | Noticed a death yak
  7955 | IceCv    | HP: 18/93 [death yak (7)]
  7961 | IceCv    | Killed a death yak
  7962 | IceCv    | Reached skill level 13 in Maces & Flails
  7962 | IceCv    | Reached skill level 10 in Armour
  7962 | IceCv    | Reached XP level 11. HP: 43/99 MP: 5/10
  7967 | IceCv    | HP: 16/99 [death yak (15)]
  7968 | IceCv    | Killed a death yak
  7969 | IceCv    | Reached skill level 10 in Fighting
  7971 | IceCv    | Reached skill level 10 in Shields
  8233 | IceCv    | Noticed a death yak
  8260 | IceCv    | Killed a death yak
  8444 | IceCv    | HP: 15/100 [ice statue] (6)]
  8444 | IceCv    | Killed from afar by an ice statue

Illustrated notes

Levels and vault maps discovered:
D:1:      tarquinn_simple_flora_water_e, layout_basic
D:2:      layout_loops_ring, dreamdust_ecumenical_altar_statues,
          minmay_misc_feat_secret_circle, kennysheep_path_1
D:3:      layout_loops_ring, kennysheep_okawaru_gauntlet, elyvilon_altar_4,
          portal_sewer_entry_e
D:4:      layout_gridville, minmay_fountain_box, uniq_pikel, uniq_natasha
D:5:      layout_cave_pools, minmay_temple_entry_offerings, uniq_grinder,
          uniq_prince_ribbit1, uniq_crazy_yiuf_cottage
D:6:      layout_loops_ring, minmay_liquid_box, kennysheep_boxes,
          uniq_blork_the_orc
D:7:      layout_basic, serial_corexii_hall, corexii_hall_statues_i,
          corexii_hall_statues_x, lemuel_flame_loot_1, uniq_duvessa
D:8:      layout_rooms, uniq_gastronok
D:11:     layout_small_grid, portal_ice_cave_entry_ice_simulacra
Temple:   minmay_crystal_spiral_temple
IceCv:    ice_cave_small_giant

Skill      XL: |  1  2  3  4  5  6  7  8  9 10 11 |
---------------+----------------------------------+-----
Maces & Flails | 3 4 5 6 7 9 11 13 | 13.4
Fighting       | 4 5 6 7 8 9 10 | 10.2
Armour         | 4 5 6 7 8 10 | 10.2
Shields        | 4 5 6 7 8 9 10 | 10.1

Action                   |  1- 3 |  4- 6 |  7- 9 | 10-12 || total
-------------------------+-------+-------+-------+-------++-------
Melee: Flail             |    90 |   175 |   269 |   182 ||   716
       Headbutt          |     7 |    17 |    47 |    40 ||   111
Throw: Stone             |     4 |    37 |       |       ||    41
       Dart              |       |    10 |    11 |       ||    21
Evoke: Wand              |       |     3 |     9 |     1 ||    13
  Use: Scroll            |     6 |     7 |     3 |     3 ||    19
       Potion            |       |       |     3 |     4 ||     7
 Stab: Paralysed         |       |     3 |     7 |       ||    10
Armor: Scale mail        |     4 |       |       |       ||     4
       Chain mail        |    37 |   122 |       |       ||   159
       Plate armour      |       |    16 |   180 |   133 ||   329
Dodge: Dodged            |    27 |    75 |    75 |    57 ||   234
Block: Buckler           |    22 |    52 |    54 |    42 ||   170

Table legend: (Time is in decaauts)
 A = Elapsed time spent in this place.
 B = Non-inter-level travel time spent in this place.
 C = Inter-level travel time spent in this place.
 D = Time resting spent in this place.
 E = Time spent auto-exploring this place.
 F = Levels seen in this place.
 G = Mean time per level.
                   A        B        C        D        E       F      G
               +--------+--------+--------+--------+--------+-----+--------+
         Total |   8517 |   8144 |    373 |   1392 |   4985 |  12 |  709.8 |
       Dungeon |   7175 |   6885 |    290 |    928 |   4445 |   9 |  797.2 |
        Temple |    210 |    127 |     83 |      0 |    111 |   1 |  210.0 |
         Sewer |    418 |    418 |      0 |     47 |    246 |   1 |  418.0 |
      Ice Cave |    712 |    712 |      0 |    417 |    182 |   1 |  712.0 |
               +--------+--------+--------+--------+--------+-----+--------+

Top non-repeatable levels by time:
     D:7: 1458 daAuts
     D:4: 1302 daAuts
     D:3: 966 daAuts
     D:1: 822 daAuts
     D:5: 761 daAuts
     D:2: 735 daAuts
     D:6: 730 daAuts
   IceCv: 712 daAuts
   Sewer: 418 daAuts
     D:8: 363 daAuts
  Temple: 210 daAuts
    D:11: 36 daAuts

Table legend:
 A = Kills in this place as a percentage of kills in entire the game.
 B = Kills by you in this place as a percentage of kills by you in the entire game.
 C = Kills by friends in this place as a percentage of kills by friends in the entire game.
 D = Other kills in this place as a percentage of other kills in the entire game.
 E = Experience gained in this place as a percentage of experience gained in the entire game.
 F = Experience gained in this place divided by the number of levels of this place that you have seen.
                   A       B       C       D       E      F
               +-------+-------+-------+-------+-------+----------------------
         Total | 100.0 | 100.0 |   N/A | 100.0 | 100.0 | 1115.0
       Dungeon |  86.4 |  86.4 |   N/A | 100.0 |  62.8 | 933.8
         Sewer |   7.8 |   7.9 |   N/A |   0.0 |   0.2 |  29.0
      Ice Cave |   5.8 |   5.8 |   N/A |   0.0 |  37.0 | 4947.0
               +-------+-------+-------+-------+-------+----------------------
